| TOP OF THE 1ST |
|
Chicago (NYP) White Sox batting - Pitching for Tri-City ValleyCats : RHP Shitoshi Sai
|
|
Pitching: RHP Shitoshi Sai
|
|
|
Batting: SHB Tomas Caldera
|
0-0: Ball 1-0: Reached on error, E4 (Groundball, 4M, EV 83.1 MPH)
|
|
Batting: RHB Bastiaan Leenders
|
0-0: Ball 1-0: Ball 2-0: Swinging Strike Pickoff Throw by Catcher to First - Out! 2-1: SINGLE (Groundball, 56S, EV 70.0 MPH) (infield hit)
|
|
Batting: SHB Veit Geisler
|
0-0: Ball 1-0: SINGLE (Groundball, 4M, EV 101.9 MPH) (infield hit) Bastiaan Leenders to second
|
|
Batting: RHB Tony Garcia
|
0-0: Ball 1-0: Foul Ball, location: 2F 1-1: Ball 2-1: Fielders Choice at 3rd, U5 (Groundball, 5L, EV 108.1 MPH) Veit Geisler to second
|
|
Batting: RHB Tyrell Camp
|
0-0: Ball 1-0: Foul Ball, location: 2F 1-1: Ball 2-1: SINGLE (Groundball, 56D, EV 96.9 MPH) Veit Geisler to third Tony Garcia to second Runner from 3rd tries for Home, SAFE, throw by LF to home
|
|
Batting: RHB Yorkis Saiki
|
0-0: Called Strike 0-1: Called Strike 0-2: Ball 1-2: Strikes out swinging
|
| Top of the 1st over - 1 run, 3 hits, 1 error, 2 left on base; Chicago (NYP) 1 - Tri-City 0 |
| BOTTOM OF THE 1ST |
|
Tri-City ValleyCats batting - Pitching for Chicago (NYP) White Sox : LHP Dan Clausing
|
|
Pitching: LHP Dan Clausing
|
|
|
Batting: LHB Omar Marquez
|
0-0: Ball 1-0: Ball 2-0: Foul Ball, location: 2F 2-1: Called Strike 2-2: Strikes out looking
|
|
Batting: RHB Drew Coleman
|
0-0: Ball 1-0: Ball 2-0: Called Strike 2-1: Foul Ball, location: 2F 2-2: DOUBLE (Flyball, 78D, EV 94.4 MPH)
|
|
Batting: RHB Erik Smith
|
0-0: Fly out, F8 (Flyball, 8RM, EV 86.2 MPH)
|
|
Batting: LHB Bruce Arvizu
|
0-0: Ground out 4-3 (Groundball, 34D, EV 80.6 MPH)
|
| Bottom of the 1st over - 0 runs, 1 hit, 0 errors, 1 left on base; Chicago (NYP) 1 - Tri-City 0 |
| TOP OF THE 2ND |
|
Chicago (NYP) White Sox batting - Pitching for Tri-City ValleyCats : RHP Shitoshi Sai
|
|
Batting: SHB Manny Berrones
|
0-0: Called Strike 0-1: Ball 1-1: DOUBLE (Groundball, 3L, EV 95.0 MPH)
|
|
Batting: RHB Kunimatsu Oya
|
0-0: Swinging Strike 0-1: Ball 1-1: Ground out 1-3 (Groundball, 15S, EV 62.5 MPH)
|
|
Batting: SHB Noah Long
|
0-0: Ball 1-0: Foul Ball, location: 2F 1-1: SINGLE (Line Drive, 78S, EV 88.1 MPH) Manny Berrones to third
|
|
Batting: SHB Tomas Caldera
|
0-0: Called Strike 0-1: Swinging Strike 0-2: Ball 1-2: Fielders Choice at 2nd, 6-4 (Groundball, 6, EV 86.2 MPH) Manny Berrones scores
|
|
Batting: RHB Bastiaan Leenders
|
0-0: Called Strike Tomas Caldera steals 2nd base (no throw) 0-1: Swinging Strike 0-2: Ball 1-2: SINGLE (Groundball, 6MD, EV 100.6 MPH) Tomas Caldera to third
|
|
Batting: SHB Veit Geisler
|
0-0: DOUBLE (Line Drive, 9LD, EV 102.5 MPH) Tomas Caldera scores Bastiaan Leenders to third Runner from 3rd tries for Home, SAFE, throw by RF to trailing runner, SAFE at third!
|
|
Batting: RHB Tony Garcia
|
0-0: Called Strike 0-1: Ball 1-1: Swinging Strike 1-2: Ball 2-2: Strikes out swinging
|
| Top of the 2nd over - 3 runs, 4 hits, 0 errors, 1 left on base; Chicago (NYP) 4 - Tri-City 0 |
| BOTTOM OF THE 2ND |
|
Tri-City ValleyCats batting - Pitching for Chicago (NYP) White Sox : LHP Dan Clausing
|
|
Batting: RHB Dinand Brouwer
|
0-0: Ball 1-0: SINGLE (Flyball, 89S, EV 88.1 MPH) - OUT at second base trying to stretch hit.
|
|
Batting: LHB Tomas de Zeeuw
|
0-0: Foul Ball, location: 2F 0-1: Fly out, F8 (Flyball, 8RXD, EV 108.8 MPH)
|
|
Batting: RHB Steve Moore
|
0-0: Ball 1-0: Ball 2-0: Called Strike 2-1: Swinging Strike 2-2: Strikes out swinging
|
| Bottom of the 2nd over - 0 runs, 1 hit, 0 errors, 0 left on base; Chicago (NYP) 4 - Tri-City 0 |
| TOP OF THE 3RD |
|
Chicago (NYP) White Sox batting - Pitching for Tri-City ValleyCats : RHP Shitoshi Sai
|
|
Batting: RHB Tyrell Camp
|
0-0: Ball 1-0: Ball 2-0: Called Strike 2-1: Ball 3-1: Foul Ball, location: 2F 3-2: Foul Ball, location: 2F 3-2: Base on Balls
|
|
Batting: RHB Yorkis Saiki
|
0-0: Called Strike 0-1: Ball 1-1: Ball 2-1: Called Strike 2-2: Grounds into double play, 4-6-3 (Groundball, 4, EV 84.4 MPH)
|
|
Batting: SHB Manny Berrones
|
0-0: Ball 1-0: Called Strike 1-1: Ball 2-1: Ball 3-1: Ground out 4-3 (Groundball, 4, EV 85.6 MPH)
|
| Top of the 3rd over - 0 runs, 0 hits, 0 errors, 0 left on base; Chicago (NYP) 4 - Tri-City 0 |
| BOTTOM OF THE 3RD |
|
Tri-City ValleyCats batting - Pitching for Chicago (NYP) White Sox : LHP Dan Clausing
|
|
Batting: RHB Yoshitoshi Mori
|
0-0: Ball 1-0: Ball 2-0: DOUBLE (Flyball, 89D, EV 106.9 MPH)
|
|
Batting: RHB To-wai Chen
|
0-0: Called Strike 0-1: Ball 1-1: Ground out 6-3 (Groundball, 6, EV 83.1 MPH)
|
|
Batting: LHB Omar Marquez
|
0-0: SINGLE (Line Drive, 8RS, EV 93.8 MPH) Yoshitoshi Mori to third
|
|
Batting: RHB Drew Coleman
|
0-0: Ball 1-0: Fly out, F7 (Flyball, 7D, EV 74.4 MPH)
|
|
Batting: RHB Erik Smith
|
0-0: Swinging Strike 0-1: Ball 1-1: Ball 2-1: Fielders Choice at 2nd, 6-4 (Groundball, 6, EV 85.0 MPH)
|
| Bottom of the 3rd over - 0 runs, 2 hits, 0 errors, 2 left on base; Chicago (NYP) 4 - Tri-City 0 |
| TOP OF THE 4TH |
|
Chicago (NYP) White Sox batting - Pitching for Tri-City ValleyCats : RHP Shitoshi Sai
|
|
Batting: RHB Kunimatsu Oya
|
0-0: Called Strike 0-1: Ground out 4-3 (Groundball, 4, EV 88.1 MPH)
|
|
Batting: SHB Noah Long
|
0-0: Called Strike 0-1: Ball 1-1: Swinging Strike 1-2: Ball 2-2: Ball 3-2: Foul Ball, location: 2F 3-2: Strikes out swinging
|
|
Batting: SHB Tomas Caldera
|
0-0: Ball 1-0: SINGLE (Groundball, 56S, EV 72.5 MPH) (infield hit)
|
|
Batting: RHB Bastiaan Leenders
|
0-0: Ball Wild Pitch! Tomas Caldera to second 1-0: Called Strike 1-1: Ball 2-1: Ball 3-1: Swinging Strike 3-2: Foul Ball, location: 2F 3-2: Foul Ball, location: 2F 3-2: Ground out 5-3 (Groundball, 5, EV 91.2 MPH)
|
| Top of the 4th over - 0 runs, 1 hit, 0 errors, 1 left on base; Chicago (NYP) 4 - Tri-City 0 |
| BOTTOM OF THE 4TH |
|
Tri-City ValleyCats batting - Pitching for Chicago (NYP) White Sox : LHP Dan Clausing
|
|
Batting: LHB Bruce Arvizu
|
0-0: Ball 1-0: Swinging Strike 1-1: Swinging Strike 1-2: Strikes out looking
|
|
Batting: RHB Dinand Brouwer
|
0-0: Ground out 6-3 (Groundball, 6, EV 86.2 MPH)
|
|
Batting: LHB Tomas de Zeeuw
|
0-0: Ball 1-0: Ball 2-0: Ball 3-0: Called Strike 3-1: Ground out 4-3 (Groundball, 4M, EV 88.1 MPH)
|
| Bottom of the 4th over - 0 runs, 0 hits, 0 errors, 0 left on base; Chicago (NYP) 4 - Tri-City 0 |
| TOP OF THE 5TH |
|
Chicago (NYP) White Sox batting - Pitching for Tri-City ValleyCats : RHP Shitoshi Sai
|
|
Batting: SHB Veit Geisler
|
0-0: Ball 1-0: Ball 2-0: Foul Ball, location: 2F 2-1: Ball 3-1: Base on Balls
|
|
Batting: RHB Tony Garcia
|
0-0: Ball 1-0: Ball 2-0: Ball 3-0: Base on Balls Veit Geisler to second
|
|
Batting: RHB Tyrell Camp
|
0-0: Ball 1-0: Grounds into double play, 3-6-3 (Groundball, 34, EV 79.4 MPH) Veit Geisler to third
|
|
Batting: RHB Yorkis Saiki
|
0-0: Called Strike 0-1: Foul Ball, location: 2F 0-2: Ball 1-2: SINGLE (Groundball, 56D, EV 103.8 MPH) Veit Geisler scores
|
|
Batting: SHB Manny Berrones
|
0-0: Reached on error, E3 (Groundball, 34S, EV 88.1 MPH) Yorkis Saiki to second
|
|
Batting: RHB Kunimatsu Oya
|
0-0: Fielders Choice at 2nd, 5-4 (Groundball, 5L, EV 87.5 MPH)
|
| Top of the 5th over - 1 run, 1 hit, 1 error, 2 left on base; Chicago (NYP) 5 - Tri-City 0 |
| BOTTOM OF THE 5TH |
|
Tri-City ValleyCats batting - Pitching for Chicago (NYP) White Sox : LHP Dan Clausing
|
|
Batting: RHB Steve Moore
|
0-0: Swinging Strike 0-1: Ball 1-1: SINGLE (Groundball, 4MD, EV 96.2 MPH)
|
|
Batting: RHB Yoshitoshi Mori
|
0-0: Called Strike 0-1: Ball 1-1: Called Strike 1-2: Foul Ball, location: 2F 1-2: Strikes out swinging
|
|
Batting: RHB To-wai Chen
|
0-0: Ball 1-0: Grounds into double play, 6-4-3 (Groundball, 56, EV 93.1 MPH)
|
| Bottom of the 5th over - 0 runs, 1 hit, 0 errors, 0 left on base; Chicago (NYP) 5 - Tri-City 0 |
| TOP OF THE 6TH |
|
Chicago (NYP) White Sox batting - Pitching for Tri-City ValleyCats : RHP Shitoshi Sai
|
|
Batting: SHB Noah Long
|
0-0: Ball 1-0: Ball 2-0: Ball 3-0: Called Strike 3-1: Called Strike 3-2: SINGLE (Groundball, 4D, EV 98.8 MPH)
|
|
Batting: SHB Tomas Caldera
|
0-0: Ball 1-0: Called Strike 1-1: Ball 2-1: Ball 3-1: Swinging Strike 3-2: Foul Ball, location: 2F 3-2: Foul Ball, location: 2F 3-2: Foul Ball, location: 2F 3-2: Ground out 4-3 (Groundball, 4S, EV 86.9 MPH) Noah Long to second
|
|
Pitching: LHP Ruben Rojas
|
|
|
Batting: RHB Bastiaan Leenders
|
0-0: Swinging Strike 0-1: Ball 1-1: Foul Ball, location: 2F 1-2: Ball 2-2: Foul Ball, location: 2F 2-2: Ball 3-2: Ground out 6-3 (Groundball, 6M, EV 82.5 MPH) Noah Long to third
|
|
Batting: SHB Veit Geisler
|
0-0: Called Strike 0-1: Foul Ball, location: 2F 0-2: Ball 1-2: Strikes out swinging
|
| Top of the 6th over - 0 runs, 1 hit, 0 errors, 1 left on base; Chicago (NYP) 5 - Tri-City 0 |
| BOTTOM OF THE 6TH |
|
Tri-City ValleyCats batting - Pitching for Chicago (NYP) White Sox : LHP Dan Clausing
|
|
Batting: LHB Omar Marquez
|
0-0: Called Strike 0-1: Fly out, F7 (Flyball, 7D, EV 89.4 MPH)
|
|
Batting: RHB Drew Coleman
|
0-0: Ground out U3 (Groundball, 3, EV 104.4 MPH)
|
|
Batting: RHB Erik Smith
|
0-0: Ground out 5-3 (Groundball, 5S, EV 84.4 MPH)
|
| Bottom of the 6th over - 0 runs, 0 hits, 0 errors, 0 left on base; Chicago (NYP) 5 - Tri-City 0 |
| TOP OF THE 7TH |
|
Chicago (NYP) White Sox batting - Pitching for Tri-City ValleyCats : LHP Ruben Rojas
|
|
Batting: RHB Tony Garcia
|
0-0: Called Strike 0-1: Ball 1-1: Ball 2-1: Ball 3-1: Swinging Strike 3-2: Foul Ball, location: 2F 3-2: Strikes out swinging
|
|
Batting: RHB Tyrell Camp
|
0-0: Swinging Strike 0-1: Ball 1-1: Foul Ball, location: 2F 1-2: Strikes out swinging
|
|
Batting: RHB Yorkis Saiki
|
0-0: Called Strike 0-1: Foul Ball, location: 2F 0-2: Ground out 6-3 (Groundball, 6, EV 79.4 MPH)
|
| Top of the 7th over - 0 runs, 0 hits, 0 errors, 0 left on base; Chicago (NYP) 5 - Tri-City 0 |
| BOTTOM OF THE 7TH |
|
Tri-City ValleyCats batting - Pitching for Chicago (NYP) White Sox : LHP Dan Clausing
|
|
Batting: LHB Bruce Arvizu
|
0-0: Foul Ball, location: 2F 0-1: Ball 1-1: Ball 2-1: SINGLE (Line Drive, 78S, EV 105.6 MPH)
|
|
Batting: RHB Dinand Brouwer
|
0-0: Called Strike Bruce Arvizu is caught stealing 2nd base 2-4 0-1: Ball 1-1: Ball 2-1: SINGLE (Groundball, 56D, EV 106.2 MPH)
|
|
Batting: LHB Tomas de Zeeuw
|
0-0: Ball 1-0: Ball 2-0: Foul Ball, location: 2F 2-1: Fielders Choice at 2nd, 6-4 (Groundball, 6, EV 86.2 MPH)
|
|
Batting: RHB Steve Moore
|
0-0: Ball 1-0: Fielders Choice at 2nd, 6-4 (Groundball, 6, EV 85.6 MPH)
|
| Bottom of the 7th over - 0 runs, 2 hits, 0 errors, 1 left on base; Chicago (NYP) 5 - Tri-City 0 |
| TOP OF THE 8TH |
|
Chicago (NYP) White Sox batting - Pitching for Tri-City ValleyCats : LHP Ruben Rojas
|
|
Pitching: RHP Addick Huiberts
|
|
|
Batting: SHB Manny Berrones
|
0-0: Foul Ball, location: 2F 0-1: Ground out 5-3 (Groundball, 5L, EV 80.0 MPH)
|
|
Batting: RHB Kunimatsu Oya
|
0-0: Fly out, F7 (Flyball, 7, EV 88.1 MPH)
|
|
Batting: SHB Noah Long
|
0-0: Swinging Strike 0-1: Ball 1-1: Ball 2-1: Ball 3-1: Foul Ball, location: 2F 3-2: Base on Balls
|
|
Batting: SHB Tomas Caldera
|
0-0: Ball 1-0: Ball 2-0: Called Strike 2-1: Foul Ball, location: 2F 2-2: Ball 3-2: Strikes out swinging
|
| Top of the 8th over - 0 runs, 0 hits, 0 errors, 1 left on base; Chicago (NYP) 5 - Tri-City 0 |
| BOTTOM OF THE 8TH |
|
Tri-City ValleyCats batting - Pitching for Chicago (NYP) White Sox : LHP Dan Clausing
|
|
Batting: RHB Yoshitoshi Mori
|
0-0: Called Strike 0-1: Called Strike 0-2: Ball 1-2: Strikes out swinging
|
|
Batting: RHB To-wai Chen
|
0-0: Foul Ball, location: 2F 0-1: Called Strike 0-2: SINGLE (Groundball, 4S, EV 75.0 MPH) (infield hit)
|
|
Batting: LHB Omar Marquez
|
0-0: Called Strike 0-1: Swinging Strike 0-2: Ball 1-2: Foul Ball, location: 2F 1-2: Ball 2-2: Foul Ball, location: 2F 2-2: Strikes out swinging
|
|
Batting: RHB Drew Coleman
|
0-0: Ball 1-0: Ball 2-0: Called Strike 2-1: Ball 3-1: Base on Balls To-wai Chen to second
|
|
Batting: RHB Erik Smith
|
0-0: Fielders Choice at 2nd, U4 (Groundball, 4M, EV 86.9 MPH)
|
| Bottom of the 8th over - 0 runs, 1 hit, 0 errors, 2 left on base; Chicago (NYP) 5 - Tri-City 0 |
| TOP OF THE 9TH |
|
Chicago (NYP) White Sox batting - Pitching for Tri-City ValleyCats : RHP Addick Huiberts
|
|
Batting: RHB Bastiaan Leenders
|
0-0: Called Strike 0-1: Foul Ball, location: 2F 0-2: Ball 1-2: Ball 2-2: Strikes out swinging
|
|
Batting: SHB Veit Geisler
|
0-0: Ball 1-0: Foul Ball, location: 2F 1-1: Foul Ball, location: 2F 1-2: Strikes out swinging
|
|
Batting: RHB Tony Garcia
|
0-0: Fly out, F9 (Flyball, 9, EV 91.2 MPH)
|
| Top of the 9th over - 0 runs, 0 hits, 0 errors, 0 left on base; Chicago (NYP) 5 - Tri-City 0 |
| BOTTOM OF THE 9TH |
|
Tri-City ValleyCats batting - Pitching for Chicago (NYP) White Sox : LHP Dan Clausing
|
|
Batting: LHB Bruce Arvizu
|
0-0: Called Strike 0-1: Ball 1-1: Foul Ball, location: 2F 1-2: SINGLE (Groundball, 4S, EV 66.9 MPH) (infield hit)
|
|
Batting: RHB Dinand Brouwer
|
0-0: Foul Ball, location: 2F 0-1: Ball 1-1: Ball 2-1: Fly out, F8 (Flyball, 89M, EV 86.9 MPH)
|
|
Batting: LHB Tomas de Zeeuw
|
0-0: Foul Ball, location: 2F 0-1: DOUBLE (Flyball, 8RXD, EV 114.4 MPH) Bruce Arvizu to third
|
|
Batting: RHB Steve Moore
|
0-0: Ball 1-0: Ball 2-0: Foul Ball, location: 2F 2-1: Fly out, F9 (Flyball, 89S, EV 78.1 MPH)
|
|
Batting: RHB Yoshitoshi Mori
|
0-0: Ball 1-0: Ball 2-0: Foul Ball, location: 2F 2-1: Ball 3-1: Foul Ball, location: 2F 3-2: Foul Ball, location: 2F 3-2: Base on Balls
|
|
Pitching: LHP Jonas Jennings
|
|
|
Batting: RHB To-wai Chen
|
0-0: Ground out 6-3 (Groundball, 6S, EV 81.9 MPH)
|
| Bottom of the 9th over - 0 runs, 2 hits, 0 errors, 3 left on base; Chicago (NYP) 5 - Tri-City 0 |
|